 Dungeon Crawl Stone Soup version 0.16-a0-220-g6a27b25 (webtiles) character file.

146 kitkette the Sneak (level 5, -1/51 HPs)
             Began as an Octopode Assassin on Aug 18, 2014.
             Slain by a gnoll
             ... wielding a +1 spear of venom
              (2 damage)
             ... on Level 2 of the Dungeon.
             The game lasted 00:06:54 (2230 turns).

kitkette the Sneak (Octopode Assassin)              Turns: 2230, Time: 00:06:54

HP  -1/51        AC 22     Str 16      XL: 5   Next: 28%
MP   5/5         EV  2     Int 18      God:
Gold 112         SH  0     Dex 14      Spells:  0 memorised,  4 levels left

rFire  . . .     SeeInvis .     b - +0 blowgun
rCold  . . .     Clarity  .     (no shield)
rNeg   + + +     rCorr    .     (helmet restricted)
rPois  +         rRot     .     (no amulet)
rElec  .         Spirit   .     (no ring)
SustAb .         Warding  .     (no ring)
rMut   .         NoTele   +     (ring currently unavailable)
Gourm  .                        (ring currently unavailable)
MR     .....                    (ring currently unavailable)
                                (ring currently unavailable)
                                (ring currently unavailable)
                                (ring currently unavailable)

@: mighty, brilliant, lethally poisoned, tree-form, not resistant to hostile
enchantments, quite stealthy
A: almost no armour, amphibious, (8 rings), (constrict 8), (camouflage 0),
(gelatinous body 0)
a: no special abilities


You were on level 2 of the Dungeon.
You were hungry.
You were an animated tree.
You visited 1 branch of the dungeon, and saw 2 of its levels.

You collected 112 gold pieces.

Inventory:

Hand weapons
 a - a +2 dagger
 b - a +0 blowgun (weapon)
Missiles
 d - 8 sling bullets of frost
 e - 4 poisoned needles (quivered)
 f - 2 curare-tipped needles
 m - 11 arrows of flame
Comestibles
 g - 2 bread rations
 r - 2 beef jerkies
 t - a meat ration
Scrolls
 c - a scroll of enchant weapon {unknown}
 h - 2 scrolls of identify {unknown}
 q - 2 scrolls of remove curse {unknown}
 u - a scroll of blinking {unknown}
Potions
 i - a potion of curing {unknown}
 k - a potion of brilliance
 p - a potion of might


   Skills:
 - Level 2.0 Fighting
 * Level 3.8 Short Blades
 - Level 2.0 Throwing
 - Level 1.0 Dodging
 * Level 7.5 Stealth


You had 4 spell levels left.
You didn't know any spells.

Dungeon Overview and Level Annotations

Branches:
Dungeon (2/15)

Altars:
Makhleb


Innate Abilities, Weirdness & Mutations

You cannot wear most types of armour.
You are amphibious.
((You can wear up to eight rings at the same time.))
((You can use your tentacles to constrict many enemies at once.))
((Your skin changes colour to match your surroundings (Stealth).))
((Your rubbery body absorbs attacks (AC +1).))


Message History

* * * LOW HITPOINT WARNING * * *
You are more poisoned.
Drink which item? (? for menu, Esc to quit)
You feel clever all of a sudden.
It was a potion of brilliance.
* * * LOW HITPOINT WARNING * * *
You feel sick. The gnoll hits you but does no damage.
You are more poisoned.
Drink which item? (? for menu, Esc to quit)
You feel refreshed.
It was a potion of restore abilities.
* * * LOW HITPOINT WARNING * * *
You feel very sick. The gnoll closely misses you.
Drink which item? (? for menu, Esc to quit)
You turn into an animated tree.
Your roots penetrate the ground.
It was a potion of lignification.
* * * LOW HITPOINT WARNING * * *
You feel sick.
The gnoll looks more healthy.
The gnoll hits you from afar with a spear of venom.
You die...

....# ##### #
#..#####...# ...
...........# ..
#..#####...##.#
...(......%...# ..
#####.....(...######....
#.###.###.##g........
#####.# #.# ##(# ....[.#
#)# #♣# ####### #.#
#.##.# #.# #.##.# # #.#
#.##.# #########.#
#.##(# ..........#
#.##(# ###########
#.##.##### # #.##.....#
#.######.#


You could see a gnoll.

Vanquished Creatures
  A hound (D:2)
  Jessica (D:2)
  3 gnolls (D:2)
  An adder (D:2)
  2 giant mites
  2 oozes
  A ball python (D:1)
  10 bats
  A giant cockroach (D:1)
  4 hobgoblins
  7 jackals
  7 kobolds
  A quokka (D:2)
  2 giant geckos
  3 goblins
  3 rats (D:1)
49 creatures vanquished.

Notes
Turn   | Place    | Note
--------------------------------------------------------------
     0 | D:1      | kitkette, the Octopode Assassin, began the quest for the Orb.
     0 | D:1      | Reached XP level 1. HP: 14/14 MP: 1/1
    71 | D:1      | Reached XP level 2. HP: 14/19 MP: 2/2
   219 | D:1      | Reached skill level 6 in Stealth
   476 | D:1      | Reached XP level 3. HP: 22/24 MP: 3/3
  1522 | D:2      | Noticed Jessica
  1529 | D:2      | Reached XP level 4. HP: 22/29 MP: 4/4
  1602 | D:2      | Found a burning altar of Makhleb.
  1623 | D:2      | Killed Jessica
  1623 | D:2      | Reached skill level 7 in Stealth
  1982 | D:2      | Reached XP level 5. HP: 22/34 MP: 5/5
  2147 | D:2      | HP: 1/34 [gnoll/antimagic spear (3)]
  2230 | D:2      | HP: 1/51 [poisoned by a gnoll]
  2230 | D:2      | Slain by a gnoll

Action                   |  1- 3 |  4- 6 || total
-------------------------+-------+-------++-------
Melee: Dagger            |    76 |    27 ||   103
 Fire: Blowgun           |       |     8 ||     8
  Use: Potion            |       |     6 ||     6
 Stab: Sleeping          |     8 |     4 ||    12
  Eat: Beef jerky        |     1 |       ||     1
       Chunk             |       |     2 ||     2
